 Dungeon Crawl Stone Soup version 0.17-a0-1534-gf98da79 (console) character file.

7023 Monkaria the Spear-Bearer (level 10, 0/91 HPs)
             Began as a Minotaur Berserker on July 17, 2015.
             Was a High Priest of Trog.
             Slain by a chaos spawn (20 damage)
             ... on level 1 of the Abyss.
             The game lasted 00:24:47 (8779 turns).

Monkaria the Spear-Bearer (Minotaur Berserker)      Turns: 8779, Time: 00:24:47

Health: 0/91       AC: 20    Str: 24    XL:     10   Next: 82%
Magic:  9/9        EV:  9    Int:  4    God:    Trog [*****.]
Gold:   179        SH:  0    Dex: 11    Spells: 0 memorised, 9 levels left

rFire  . . .     SeeInvis .     X - +1 halberd
rCold  + . .     Clarity  .     G - +4 chain mail
rNeg   + . .     SustAt   .     (no shield)
rPois  +         Gourm    .     (helmet restricted)
rElec  .         Spirit   .     x - +0 cloak
rCorr  .         Warding  .     d - +2 pair of gloves
rMut   .         Stasis   .     (no boots)
MR     .....                    (no amulet)
Stlth  ..........               Q - ring of protection from cold
                                K - ring "Qocu" {Wiz rPois rN+}

@: not resistant to hostile enchantments, extremely unstealthy
A: retaliatory headbutt, horns 2
a: Burn Spellbooks, Berserk, Trog's Hand, Brothers in Arms, Renounce Religion


You were on level 1 of the Abyss.
You worshipped Trog.
Trog was extremely pleased with you.
You were not hungry.

You visited 2 branches of the dungeon, and saw 11 of its levels.
You visited the Abyss 1 time.
You also visited: Ossuary.

You collected 564 gold pieces.
You spent 385 gold pieces at shops.

Inventory:

Hand weapons
 o - a +0 blowgun
 X - a +1 halberd (weapon)
Missiles
 k - 21 poisoned needles
 B - 6 tomahawks (quivered)
Armour
 d - a +2 pair of gloves (worn)
 x - a +0 cloak (worn)
 G - a +4 chain mail (worn)
Rods
 y - a +0 iron rod (14/14)
   (You found it on level 9 of the Dungeon)
Jewellery
 t - an uncursed ring of see invisible
 A - an uncursed ring of ice
 H - an uncursed ring of poison resistance
 K - the ring "Qocu" (left hand) {Wiz rPois rN+}
   (You found it on level 7 of the Dungeon)

   [ring of wizardry]

   It improves your spell success rate.
   It protects you from poison.
   It protects you from negative energy.
 Q - a ring of protection from cold (right hand)
 Y - an uncursed ring of teleportation
Magical devices
 a - a wand of enslavement (3)
 P - a wand of enslavement (4)
 R - a wand of confusion (15)
 V - a wand of draining (5)
 Z - a wand of paralysis (9)
Scrolls
 h - 2 scrolls of teleportation
 j - a scroll of noise
 u - a scroll of recharging
 v - 2 scrolls of immolation
 z - 3 scrolls of enchant weapon
 F - a scroll of vulnerability
 I - a scroll of enchant armour {unknown}
 J - 2 scrolls of fear
 L - a scroll of blinking
 M - a scroll of magic mapping
Potions
 b - a potion of magic
 e - 3 potions of lignification
 f - 3 potions of brilliance
 g - a potion of resistance
 p - a potion of ambrosia
 q - 4 potions of cancellation
 s - a potion of haste
 w - 3 potions of berserk rage
 C - 2 potions of curing
 E - 2 potions of heal wounds
 O - 2 potions of flight
 T - a potion of beneficial mutation {unknown}
 W - a potion of agility
Books
 l - a book of Party Tricks

   Spells                             Type                      Level
   a - Summon Butterflies             Summoning                    1
   b - Apportation                    Translocation                1
   c - Tukima's Dance                 Hexes                        3
   d - Alistair's Intoxication        Transmutation/Poison         4
   e - Invisibility                   Hexes                        6
   Trog disapproves of the use of such an item.
 D - a book of Cantrips

   Spells                             Type                      Level
   a - Corona                         Hexes                        1
   b - Animate Skeleton               Necromancy                   1
   c - Summon Small Mammal            Summoning                    1
   d - Apportation                    Translocation                1
   Trog disapproves of the use of such an item.
Comestibles
 c - 8 bread rations
 m - 2 fruits
 n - 3 meat rations
 r - a beef jerky
 S - 7 slices of pizza


   Skills:
 - Level 9.2 Fighting
 + Level 14.6 Polearms
 - Level 10.3 Armour
 - Level 2.1 Dodging


You had 9 spell levels left.
You didn't know any spells.

Dungeon Overview and Level Annotations

Branches:
Dungeon (10/15)            Temple (1/1) D:5
   Lair: D:8-11         Orc: D:9-12

Altars:
Ashenzari
Cheibriados
Dithmenos
Elyvilon
Fedhas
Gozag
Kikubaaqudgha
Makhleb
Nemelex Xobeh
Okawaru
Qazlal
Ru
Sif Muna
Trog
Vehumet
Xom
Yredelemnul
Zin
The Shining One

Shops:
D:7 (==}?   D:8 !

Annotations:
D:10 Monkaria's ghost, experienced MiBe


Innate Abilities, Weirdness & Mutations

You reflexively headbutt those who attack you in melee.
You have a pair of horns on your head.


Message History

You slash the starcursed mass!
The starcursed mass is heavily damaged.
The starcursed mass shudders and withdraws towards its neighbour. x2
You are suddenly pulled into a different region of the Abyss!
Unknown command.
You start resting.
A chaos spawn comes into view.
The chaos spawn screeches!
Found a robe.
A raiju comes into view.
The raiju barks!
A wretched star comes into view.
You hit the chaos spawn but do no damage.
You headbutt the chaos spawn, but do no damage.
You feel your health improve.
The chaos spawn hits you but does no damage.
You barely miss the chaos spawn. The chaos spawn hits you!
* * * LOW HITPOINT WARNING * * *
Space warps horribly around you!
You die...

.. ...... ...## .
.. ..#.##+##
...... ..#......#
..... ..##..... #
.....
#..#..............
....#...# #. ....
.......3#...#####
....#..@##..#
...##...# ..3 ..
#...## .. #.3.
#.#h... ...# ..
##.#####...# # #*.
.. # ..[# ...# ...
#...


You could see a wretched star, a raiju and a chaos spawn.

Vanquished Creatures
  Pikel (D:7)
  A manticore (D:9)
  4 centaur zombies
  2 small abominations (Abyss:1)
  A trapdoor spider zombie (D:7)
  A deep elf fighter (D:8)
  3 yaks (D:9)
  2 water moccasins
  4 orc warriors
  A necrophage (D:8)
  An eye of draining (D:8)
  An ice beast (D:7)
  3 phantoms
  2 centaurs
  2 ogres
  2 elf zombies
  Blork the orc (D:4)
  A big kobold (D:9)
  A giant frog (D:6)
  A gnoll sergeant (D:7)
  2 elf skeletons (D:6)
  A wyvern skeleton (D:6)
  2 scorpions
  7 killer bees
  11 wights
  2 crimson imps
  4 orc priests
  2 iguanas
  A quasit (D:8)
  A human zombie (Ossuary)
  3 hounds
  10 orc wizards
  3 human skeletons (D:6)
  4 jellies
  A giant frog skeleton (D:8)
  3 worker ants
  4 big kobold zombies (Ossuary)
  A hound zombie (D:6)
  2 mummies (Ossuary)
  A worker ant zombie (D:9)
  6 adders
  2 gnolls (D:7)
  A shadow imp (D:6)
  An ufetubus (Abyss:1)
  An ooze (D:6)
  An adder skeleton (D:9)
  3 adder zombies (Ossuary)
  3 worms
  6 giant geckos
  36 orcs
  3 ball pythons
  17 bats
  2 bat zombies (D:6)
  6 giant cockroaches
  15 hobgoblins
  14 jackals
  13 kobolds
  A giant gecko skeleton (D:4)
  10 giant newts
  14 goblins
  14 hobgoblin zombies (Ossuary)
  A jackal zombie (Ossuary)
  8 kobold zombies (Ossuary)
  5 orc zombies (Ossuary)
  4 quokkas
  A quokka skeleton (D:4)
  10 rats
298 creatures vanquished.

Vanquished Creatures (collateral kills)
  2 orc wizards (D:5)
  An orc priest (D:5)
  A worker ant (D:5)
  An iguana (D:5)
  7 orcs (D:5)
  A hobgoblin (D:5)
  A giant newt (D:5)
14 creatures vanquished.

Grand Total: 312 creatures vanquished

Notes
Turn   | Place    | Note
--------------------------------------------------------------
     0 | D:1      | Monkaria the Minotaur Berserker began the quest for the Orb.
     0 | D:1      | Reached XP level 1. HP: 19/19 MP: 0/0
    53 | D:1      | Reached skill level 4 in Fighting
   251 | D:1      | Reached XP level 2. HP: 25/28 MP: 1/1
   576 | D:2      | Reached skill level 5 in Fighting
   587 | D:2      | Reached XP level 3. HP: 7/36 MP: 2/2
   914 | D:2      | Acquired Trog's second power
  1278 | D:2      | Reached skill level 6 in Fighting
  1278 | D:2      | Reached XP level 4. HP: 44/44 MP: 3/3
  1731 | D:3      | Reached skill level 5 in Polearms
  1731 | D:3      | Reached XP level 5. HP: 40/50 MP: 4/4
  1878 | D:3      | Found a burning altar of Makhleb.
  2140 | D:4      | Found a bloodstained altar of Trog.
  2140 | D:4      | Found an iron altar of Okawaru.
  2725 | D:4      | Noticed Blork the orc
  2736 | D:4      | Killed Blork the orc
  2736 | D:4      | Reached XP level 6. HP: 57/57 MP: 5/5
  2824 | D:5      | Entered Level 5 of the Dungeon
  2882 | D:5      | Reached skill level 7 in Polearms
  2890 | D:5      | Acquired Trog's third power
  2965 | D:5      | Reached skill level 8 in Polearms
  2983 | D:5      | Reached XP level 7. HP: 22/63 MP: 6/6
  3170 | D:5      | Found a white marble altar of Elyvilon.
  3385 | D:5      | Reached skill level 9 in Polearms
  3685 | D:5      | Found a staircase to the Ecumenical Temple.
  3691 | Temple   | Entered the Ecumenical Temple
  3801 | D:6      | Found a snail-covered altar of Cheibriados.
  3891 | D:6      | HP: 2/63 [wight/enchanted spear (3)]
  3901 | D:6      | Reached skill level 10 in Polearms
  4094 | D:6      | Found a shimmering altar of Xom.
  4140 | D:6      | Reached XP level 8. HP: 34/70 MP: 7/7
  4238 | D:6      | Reached skill level 11 in Polearms
  4262 | D:6      | Found a sand-covered staircase.
  4277 | Ossuary  | Entered an ossuary
  5573 | D:7      | Got a crude amber ring
  5581 | D:7      | Reached XP level 9. HP: 78/83 MP: 8/8
  5583 | D:7      | Identified the ring "Qocu" {Wiz rPois rN+} (You found it on level 7 of the Dungeon)
  5592 | D:7      | Found Kudu's Gadget Boutique.
  5728 | D:7      | Found Nunauken's Magic Scroll Shop.
  5734 | D:7      | Bought a scroll of magic mapping for 49 gold pieces
  5734 | D:7      | Bought a scroll of identify for 28 gold pieces
  5734 | D:7      | Bought a scroll of identify for 28 gold pieces
  5734 | D:7      | Bought a scroll of identify for 28 gold pieces
  5734 | D:7      | Bought a scroll of immolation for 49 gold pieces
  5737 | D:7      | Bought a scroll of teleportation for 42 gold pieces
  5758 | D:7      | Found Mealom's Jewellery Emporium.
  5773 | D:7      | Found Kalenan's Jewellery Shoppe.
  5811 | D:7      | Reached skill level 5 in Armour
  5915 | D:7      | Noticed a centaur zombie
  5931 | D:7      | Killed a centaur zombie
  5981 | D:7      | Found Wesimiala's Antique Weapon Shoppe.
  6000 | D:7      | Bought a runed trident for 84 gold pieces
  6271 | D:7      | Noticed Pikel
  6296 | D:7      | Killed Pikel
  6296 | D:7      | Reached skill level 10 in Armour
  6685 | D:8      | Reached XP level 10. HP: 91/91 MP: 0/9
  6873 | D:8      | Reached skill level 12 in Polearms
  7232 | D:8      | Found Dausiep's Distillery.
  7236 | D:8      | Bought a potion of agility for 44 gold pieces
  7236 | D:8      | Bought a potion of flight for 33 gold pieces
  7576 | D:8      | Found an opulent altar of Gozag.
  7904 | D:9      | Noticed a manticore
  7924 | D:9      | Killed a manticore
  7924 | D:9      | Reached skill level 13 in Polearms
  8105 | D:9      | Reached skill level 14 in Polearms
  8253 | D:9      | Found a basalt altar of Yredelemnul.
  8255 | D:9      | Noticed a profane servitor
  8487 | D:9      | Found a glowing golden altar of the Shining One.
  8489 | D:9      | Noticed an angel
  8550 | D:10     | Entered Level 10 of the Dungeon
  8572 | D:10     | Noticed Monkaria's ghost (experienced MiBe)
  8620 | D:10     | Cast into the Abyss (Monkaria's ghost)
  8682 | Abyss:1  | Noticed a starcursed mass
  8708 | Abyss:1  | Noticed a starcursed mass
  8775 | Abyss:1  | Noticed a wretched star
  8779 | Abyss:1  | Slain by a chaos spawn

Vault maps used:
D:1:      evilmike_arrival_fibonacci_small, serial_glass, glass_columns_a,
          glass_columns_a, solitary_fountain
D:2:      kennysheep_decorative_pillar
D:3:      lemuel_coloured_pillars_altar
D:4:      grunt_temple_overflow_bloody_war, first_bread, uniq_blork_the_orc
D:5:      minmay_temple_entry_fiery, elyvilon_altar_5
D:6:      cheibriados_altar_1, basic_altar, nicolae_ossuary_entry_catacombs,
          hangedman_decor_riveting
D:7:      serial_shops, nicolae_shop_temple_entry_statues_fountains,
          nicolae_shop_trees, shop, shop,
          nicolae_shop_temple_entry_statues_fountains, uniq_pikel
D:8:      kennysheep_mini_moat, serial_shops, shop, grunt_pizzeria,
          st_stairs_10, nrook_mini_backslash
D:9:      grunt_temple_overflow_holy_war
D:10:     grunt_decor_fettered, uniq_erolcha
Temple:   temple_eino_lava_12
Abyss:1:  evilmike_abyss_exit_disperse
Ossuary:  ossuary_tomb_1

Action                   |  1- 3 |  4- 6 |  7- 9 | 10-12 || total
-------------------------+-------+-------+-------+-------++-------
Melee: Spear             |   108 |   193 |   571 |       ||   872
       Trident           |       |       |    88 |   166 ||   254
       Halberd           |       |       |       |    62 ||    62
Invok: Berserk           |       |     2 |       |     1 ||     3
       Trog's Hand       |       |     3 |     5 |       ||     8
       Brothers in Arms  |       |     1 |       |       ||     1
  Use: Scroll            |       |    12 |    11 |     4 ||    27
       Potion            |       |     1 |     2 |     1 ||     4
 Stab: Sleeping          |     2 |       |     1 |       ||     3
  Eat: Chunk             |     1 |     8 |    10 |     7 ||    26
       Pizza             |       |       |     1 |     1 ||     2
       Fruit             |       |       |     2 |       ||     2
